AoeStats
← iM 我要打十个

Golden Pit

503323160Analyzed
1v1 RM · 1mo ago on Aug 31, 2026· 93m 33s· 2 players
Game mode
Random Map
Map size
Tiny (2 player)
Population
200
Speed
Normal
Resources
Standard
Victory
Conquest
Starting age
Dark Age
Ending age
Imperial Age
RankedLock teamsTeams togetherTeam positionsShared explorationLock speedFull tech treeHidden civsTurbo modeCheats
Victory
Defeat
🇵🇪 Persians · Peru
944
+17
🇨🇳 Spanish · China
973
-17
EL-bart0
6:02 Loom
22:30 Feudal Age
23:14 Town Watch
28:15 Fletching
28:30 Double-Bit Axe
29:04 Padded Archer Armor
36:41 Castle Age
36:14 Stone Mining
38:27 Wheelbarrow
42:18 Gold Mining
44:56 Town Patrol
46:06 Horse Collar
47:51 Heavy Plow
50:05 Gold Shaft Mining
50:48 Stone Shaft Mining
53:05 Imperial Age
56:43 Bow Saw
57:13 Stone Shaft Mining
57:58 Hand Cart
60:45 Citadels
61:45 Conscription
63:56 Bodkin Arrow
67:21 Two-Man Saw
66:56 Crop Rotation
68:17 Ballistics
68:58 Chemistry
67:50 Heated Shot
69:30 Sappers
70:35 Hoardings
70:20 Heavy Scorpion
74:02 Bloodlines
73:53 Husbandry
74:56 Kamandaran
74:35 Light Cavalry
77:12 Hussar
79:52 Scale Barding Armor
79:57 Forging
86:26 Chain Barding Armor
86:42 Iron Casting
85:54 Heavy Camel Rider
85:57 Cavalier
88:48 Savar
90:17 Plate Barding Armor
90:42 Blast Furnace
89:07 Spies/Treason
iM 我要打十个
1:57 Loom
10:51 Feudal Age
24:41 Double-Bit Axe
27:46 Arson
43:40 Castle Age
42:28 Fletching
50:33 Horse Collar
51:30 Wheelbarrow
52:20 Bow Saw
52:52 Gold Mining
57:12 Imperial Age
56:20 Bloodlines
56:11 Husbandry
57:35 Inquisition
57:35 Stone Mining
59:41 Ballistics
60:46 Masonry
60:33 Murder Holes
64:56 Two-Man Saw
67:04 Chemistry
67:58 Hand Cart
68:46 Architecture
68:49 Redemption
69:20 Heavy Plow
68:44 Light Cavalry
73:42 Scale Barding Armor
73:48 Forging
74:39 Pikeman
75:19 Squires
75:06 Arson
75:19 Halberdier
81:39 Chain Barding Armor
81:56 Iron Casting
81:09 Town Watch
86:55 Scale Mail Armor
87:56 Blast Furnace
87:32 Plate Barding Armor
88:11 Town Patrol
93:40 Bodkin Arrow
94:01 Chain Mail Armor
Connection lost

Rejoining the realm…

Still unreachable

The connection could not be restored.

Session expired

The server has moved on; the page needs a fresh start.